 Dungeon Crawl Stone Soup version 0.29-a0-72-g1732ff48e7 (webtiles) character file.

Game seed: 4646875094976256169

10897 jfcaron the Spear-Bearer (level 11, -1/89 HPs)
             Began as a Gnoll Cinder Acolyte on Feb 4, 2022.
             Was a Priest of Ignis.
             Succumbed to Sonja's poison
             ... on level 9 of the Dungeon.
             The game lasted 00:46:09 (16456 turns).

jfcaron the Spear-Bearer (Gnoll Cinder Acolyte)    Turns: 16456, Time: 00:46:09

Health: -1/89      AC: 16    Str: 19    XL:     11   Next: 69%
Magic:  21/21      EV:  8    Int: 16    God:    Ignis [***...]
Gold:   564        SH:  0    Dex: 13    Spells: 19/24 levels left

rFire   + + .      SeeInvis .   b - +1 shortbow "Blob" {venom, Str+4 Dex+5}
rCold   . . .      Faith    .   (shield currently unavailable)
rNeg    . . .      Spirit   .   d - +0 plate armour
rPois   .          Reflect  .   z - +0 helmet
rElec   .          Harm     .   V - +0 cloak
rCorr   .          Rampage  .   (no gloves)
Will    .....                   m - +0 pair of boots
Stlth   ..........              (no amulet)
HPRegen 0.24/turn               L - ring of protection from fire
MPRegen 0.17/turn               e - ring of wizardry

@: brilliant, lethally poisoned (-1 -> -6), flying, slowed, invisible, very slow
A: fangs 1, strong nose, distributed training
a: Renounce Religion, Fiery Armour, Foxfire Swarm, Rising Flame


You were on level 9 of the Dungeon.
You worshipped Ignis.
Ignis was most pleased with you.
You visited 2 branches of the dungeon, and saw 11 of its levels.

You collected 592 gold pieces.
You spent 28 gold pieces at shops.

Inventory:

Hand Weapons
 a - the +9 hand axe "Tuozif" {venom, Fly rN+ Int-2}
   (You found it on level 8 of the Dungeon)

   It poisons the flesh of those it strikes.
   Int:       It affects your intelligence (-2).
   rN:        It protects you from negative energy.
   Fly:       It grants you flight.
 b - the +1 shortbow "Blob" (weapon) {venom, Str+4 Dex+5}
   (You found it on level 3 of the Dungeon)

   Any ammunition fired from it poisons the flesh of those it strikes.
   Str:       It affects your strength (+4).
   Dex:       It affects your dexterity (+5).
 h - a -1 spear of flaming
 n - a +0 hunting sling
 o - a +0 antimagic dagger
 u - a +0 rapier
 B - a +0 dagger of holy wrath
 C - a +4 flail
 D - a +2 war axe
 E - a +5 battleaxe
 Q - a +2 hand crossbow of freezing
 S - a +0 morningstar
 T - a +3 great sword
 U - a +0 short sword of freezing
Missiles
 c - 167 arrows (quivered ammo)
 f - 105 stones
 k - 7 poisoned darts
 x - 4 silver boomerangs
 I - 2 throwing nets {!f}
 M - 67 sling bullets
 O - 69 bolts
 P - 6 boomerangs
Armour
 d - a +0 plate armour (worn)
 m - a +0 pair of boots (worn)
 v - +0 steam dragon scales
 z - a +0 helmet (worn)
 V - a +0 cloak (worn)
Jewellery
 e - a ring of wizardry (right hand)
 q - a ring of flight
 y - a ring of positive energy
 L - a ring of protection from fire (left hand)
Wands
 s - a wand of flame (3)
 G - a wand of paralysis (8)
 K - a wand of acid (9)
Scrolls
 j - a scroll of noise {unknown}
 p - a scroll of fog
 t - a scroll of teleportation
 A - a scroll of fear
 F - a scroll of enchant armour {unknown}
Potions
 l - 3 potions of cancellation
 w - 4 potions of might
Miscellaneous
 i - a phantom mirror


   Skills:
 + Level 9.3 Fighting
 + Level 6.5 Short Blades
 + Level 6.5 Long Blades
 + Level 6.5 Axes
 + Level 6.5 Maces & Flails
 + Level 9.3 Polearms
 + Level 6.5 Staves
 + Level 6.5 Slings
 + Level 6.5 Bows
 + Level 6.5 Crossbows
 + Level 6.5 Throwing
 + Level 6.5 Armour
 + Level 6.5 Dodging
 + Level 6.5 Stealth
 + Level 6.5 Shields
 + Level 6.5 Unarmed Combat
 + Level 7.2 Spellcasting
 + Level 5.4 Conjurations
 + Level 5.4 Hexes
 + Level 5.4 Summonings
 + Level 5.4 Necromancy
 + Level 5.4 Translocations
 + Level 5.4 Transmutations
 + Level 7.8 Fire Magic
 + Level 5.4 Ice Magic
 + Level 5.4 Air Magic
 + Level 5.4 Earth Magic
 + Level 5.4 Poison Magic
 + Level 7.2 Invocations
 + Level 6.5 Evocations


You had 19 spell levels left.
You knew the following spells:

 Your Spells              Type           Power      Damage    Failure   Level
a - Scorch                Fire           92%        2d10      8%          2
b - Ignite Poison         Fire/Tmut/Pois 38%        N/A       28%         3

Your spell library contained the following spells:

 Spells                   Type           Power      Damage    Failure   Level
 Beastly Appendage        Tmut           68%        N/A       14%         1
 Freeze                   Ice            100%       1d11      14%         1
 Magic Dart               Conj           100%       1d8       14%         1
 Call Imp                 Summ           34%        N/A       21%         2
 Sublimation of Blood     Necr           34%        N/A       21%         2
 Wereblood                Tmut           34%        N/A       21%         2
 Call Canine Familiar     Summ           34%        N/A       38%         3
 Frozen Ramparts          Ice            68%        1d8       38%         3
 Mephitic Cloud           Conj/Pois/Air  34%        N/A       38%         3
 Portal Projectile        Hex/Tloc       68%        N/A       38%         3
 Spider Form              Tmut/Pois      34%        N/A       38%         3
 Animate Dead             Necr           17%        N/A       77%         4
 Hailstorm                Conj/Ice       34%        3d9       77%         4
 Leda's Liquefaction      Hex/Erth       17%        N/A       77%         4
 Petrify                  Tmut/Erth      34%        N/A       77%         4
 Freezing Cloud           Conj/Ice/Air   17%        6-21      97%         5
 Irradiate                Conj/Tmut      17%        3d19      97%         5
 Haunt                    Necr/Summ      17%        N/A       100%        7
 Infestation              Necr           17%        N/A       100%        8


Dungeon Overview and Level Annotations

Branches:
Dungeon (10/15)            Temple (1/1) D:6            Lair (0/6) D:9
    Orc: D:9-12

Altars:
Cheibriados
Dithmenos
Elyvilon
Fedhas
Hepliaklqana
Kikubaaqudgha
Okawaru
Qazlal
Ru
Sif Muna
Trog
Vehumet
Xom
Zin
The Shining One

Shops:
D:3 :   D:6 *

Annotations:
D:8 1 runed translucent door, Heh's ghost, novice DsVM
D:9 ! Sonja, Sonja
D:10 exclusion: ice statue


Innate Abilities, Weirdness & Mutations

You have very sharp teeth.
Your uncanny sense of smell can sniff out nearby items.
Your experience applies equally to all skills.


Message History

You are more poisoned.
Sonja hits you but does no damage.
Sonja hits you with a +1 dagger of venom.
Sonja hits you but does no damage. x2
You are lethally poisoned!
You feel extremely sick. Sonja hits you but does no damage.
You are more poisoned.
Sonja hits you but does no damage.
You are more poisoned.
Sonja closely misses you.
Your surroundings suddenly seem different.
* * * LOW HITPOINT WARNING * * *
You feel extremely sick.
Okay, then.
Okay, then.
Okay, then.
You are confused.
You feel invigorated.
* * * LOW HITPOINT WARNING * * *
You feel extremely sick.
You feel less invigorated.
You feel less confused.
* * * LOW HITPOINT WARNING * * *
You feel extremely sick.
* * * LOW HITPOINT WARNING * * *
You feel very sick.
Okay, then.
It was a potion of invisibility.
You fade into invisibility!
* * * LOW HITPOINT WARNING * * *
You feel very sick.
It was a potion of flight.
You feel very buoyant.
You fly up into the air.
* * * LOW HITPOINT WARNING * * *
You feel very sick.
It was a potion of brilliance.
You feel clever all of a sudden.
You die...

###### .....#
######### .....#
#.......# .....#
######.......#
.....###............#
.....##..####...@...#
.....'..## ######.##
.....#### #.# '#####
###.# .# ###...# .#
#...### ## #.###
###### ####'########
.....# #...........#


There were no monsters in sight!

Vanquished Creatures
  A two-headed ogre (D:9)
  6 ice devils (D:10)
  Grinder (D:4)
  2 polar bears (D:10)
  A hornet (D:9)
  2 trolls
  Prince Ribbit (D:5)
  A shadow (D:6)
  A wyvern (D:10)
  Eustachio (D:4)
  A wraith (D:5)
  20 yaks
  3 steam dragons
  Menkaure (D:4)
  2 black bears
  4 sky beasts
  An ice beast (D:7)
  An ogre (D:6)
  2 necrophages
  A phantom (D:6)
  5 centaurs
  A kobold brigand (D:8)
  2 elf skeletons (D:6)
  A bullfrog (D:7)
  A gnoll sergeant (D:7)
  A scorpion (D:3)
  A wyvern zombie (D:7)
  A water moccasin zombie (D:6)
  A water moccasin skeleton (D:4)
  8 wights
  A howler monkey (D:9)
  2 electric eels (D:10)
  4 centaur zombies
  2 hounds (D:4)
  A human zombie (D:6)
  A gnoll shaman (D:9)
  5 orc priests
  A centaur skeleton (D:6)
  A bullfrog skeleton (D:7)
  A human skeleton (D:6)
  An iguana (D:2)
  13 orc wizards
  2 killer bee zombies
  A hound zombie (D:5)
  Robin (D:4)
  4 howler monkey zombies
  16 gnolls
  5 adders
  7 river rats (D:4)
  2 white imps
  6 ufetubi (D:10)
  An adder skeleton (D:4)
  2 worms
  A dart slug (D:1)
  29 orcs
  10 ball pythons
  4 endoplasms
  5 giant cockroaches
  8 hobgoblins
  4 jackals (D:1)
  3 quokkas
  5 bats
  A frilled lizard (D:2)
  18 goblins
  10 kobolds
  2 orc skeletons (D:6)
  18 rats
  4 bushes (D:10)
277 creatures vanquished.

Notes
Turn   | Place    | Note
-------+----------+-------------------------------------------
     0 | D:1      | jfcaron the Gnoll Cinder Acolyte began the quest for the
                  | Orb.
     0 | D:1      | Reached XP level 1. HP: 23/23 MP: 4/4
    94 | D:1      | Reached XP level 2. HP: 29/29 MP: 5/5
    97 | D:1      | Learned a level 2 spell: Scorch
   434 | D:1      | Reached XP level 3. HP: 34/35 MP: 7/7
   626 | D:1      | Found a faded altar of an unknown god.
  1121 | D:2      | Reached skill level 1 in Short Blades
  1121 | D:2      | Reached skill level 1 in Long Blades
  1121 | D:2      | Reached skill level 1 in Axes
  1121 | D:2      | Reached skill level 1 in Maces & Flails
  1121 | D:2      | Reached skill level 1 in Staves
  1121 | D:2      | Reached skill level 1 in Slings
  1121 | D:2      | Reached skill level 1 in Bows
  1121 | D:2      | Reached skill level 1 in Crossbows
  1121 | D:2      | Reached skill level 1 in Throwing
  1121 | D:2      | Reached skill level 1 in Armour
  1121 | D:2      | Reached skill level 1 in Dodging
  1121 | D:2      | Reached skill level 1 in Stealth
  1121 | D:2      | Reached skill level 1 in Shields
  1121 | D:2      | Reached skill level 1 in Unarmed Combat
  1121 | D:2      | Reached skill level 1 in Invocations
  1121 | D:2      | Reached skill level 1 in Evocations
  1121 | D:2      | Reached XP level 4. HP: 24/41 MP: 8/8
  1461 | D:2      | Reached skill level 1 in Conjurations
  1461 | D:2      | Reached skill level 1 in Hexes
  1461 | D:2      | Reached skill level 1 in Summonings
  1461 | D:2      | Reached skill level 1 in Necromancy
  1461 | D:2      | Reached skill level 1 in Translocations
  1461 | D:2      | Reached skill level 1 in Transmutations
  1461 | D:2      | Reached skill level 1 in Ice Magic
  1461 | D:2      | Reached skill level 1 in Air Magic
  1461 | D:2      | Reached skill level 1 in Earth Magic
  1461 | D:2      | Reached skill level 1 in Poison Magic
  1951 | D:2      | Reached XP level 5. HP: 39/47 MP: 9/9
  2366 | D:3      | Found Qoiske's Book Emporium.
  2686 | D:3      | Identified the +1 shortbow "Blob" {venom, Str+4 Dex+5}
  2766 | D:3      | You fall into a shaft and drop 3 floors!
  2773 | D:6      | Noticed a steam dragon
  2776 | D:5      | Entered Level 5 of the Dungeon
  2808 | D:4      | Noticed Robin
  2809 | D:4      | Noticed Menkaure
  2817 | D:4      | Noticed Eustachio
  3036 | D:4      | Reached XP level 6. HP: 51/53 MP: 10/10
  3135 | D:4      | Noticed a necrophage
  3149 | D:4      | Killed a necrophage
  3554 | D:3      | Found a shimmering blue altar of Sif Muna.
  4011 | D:3      | Reached XP level 7. HP: 53/59 MP: 12/12
  4027 | D:4      | Killed Menkaure
  4079 | D:4      | Killed Eustachio
  4355 | D:4      | Reached XP level 8. HP: 67/67 MP: 14/14
  4526 | D:4      | Noticed Grinder
  4536 | D:4      | Killed Grinder
  4785 | D:4      | Killed Robin
  5195 | D:5      | Noticed a wraith
  5242 | D:5      | HP: 8/67 [wraith (8)]
  5245 | D:5      | Killed a wraith
  6069 | D:5      | Noticed Prince Ribbit
  6089 | D:5      | Killed Prince Ribbit
  6090 | D:5      | Reached XP level 9. HP: 42/72 MP: 14/16
  6629 | D:6      | HP: 14/72 [wight (10)]
  6635 | D:6      | Found a staircase to the Ecumenical Temple.
  6641 | Temple   | Entered the Ecumenical Temple
  6944 | D:6      | HP: 11/63 [wight (4)]
  7261 | D:6      | Found Coisy's General Store.
  7264 | D:6      | Bought a scroll of identify for 28 gold pieces
  7283 | D:6      | Reached skill level 5 in Spellcasting
  7957 | D:6      | Found a blossoming altar of Fedhas.
  7997 | D:6      | Reached skill level 5 in Invocations
  8253 | D:6      | Found a white marble altar of Elyvilon.
  9087 | D:7      | Reached XP level 10. HP: 77/80 MP: 18/18
  9101 | D:7      | Found a glowing silver altar of Zin.
  9413 | D:7      | Reached skill level 5 in Short Blades
  9413 | D:7      | Reached skill level 5 in Long Blades
  9413 | D:7      | Reached skill level 5 in Axes
  9413 | D:7      | Reached skill level 5 in Maces & Flails
  9413 | D:7      | Reached skill level 5 in Staves
  9413 | D:7      | Reached skill level 5 in Slings
  9413 | D:7      | Reached skill level 5 in Bows
  9413 | D:7      | Reached skill level 5 in Crossbows
  9413 | D:7      | Reached skill level 5 in Throwing
  9413 | D:7      | Reached skill level 5 in Armour
  9413 | D:7      | Reached skill level 5 in Dodging
  9413 | D:7      | Reached skill level 5 in Stealth
  9413 | D:7      | Reached skill level 5 in Shields
  9413 | D:7      | Reached skill level 5 in Unarmed Combat
  9413 | D:7      | Reached skill level 5 in Evocations
 10212 | D:8      | Found a sacrificial altar of Ru.
 10386 | D:8      | Found a runed translucent door.
 10389 | D:8      | Noticed Heh's ghost (novice DsVM)
 10606 | D:8      | Identified the +9 hand axe "Tuozif" {venom, Fly rN+ Int-2}
 10666 | D:8      | Found an iron altar of Okawaru.
 10759 | D:8      | HP: 10/82 [yak (8)]
 11505 | D:9      | Found a stormy altar of Qazlal.
 11612 | D:9      | Found a staircase to the Lair.
 12053 | D:9      | Noticed a two-headed ogre
 12068 | D:9      | Killed a two-headed ogre
 12069 | D:9      | Reached XP level 11. HP: 70/87 MP: 20/20
 12419 | D:10     | Entered Level 10 of the Dungeon
 12419 | D:10     | Noticed Sonja
 12430 | D:9      | HP: 8/87 [poisoned by Sonja]
 12841 | D:10     | Found a glowing golden altar of the Shining One.
 12981 | D:10     | Reached skill level 5 in Conjurations
 12981 | D:10     | Reached skill level 5 in Hexes
 12981 | D:10     | Reached skill level 5 in Summonings
 12981 | D:10     | Reached skill level 5 in Necromancy
 12981 | D:10     | Reached skill level 5 in Translocations
 12981 | D:10     | Reached skill level 5 in Transmutations
 12981 | D:10     | Reached skill level 5 in Ice Magic
 12981 | D:10     | Reached skill level 5 in Air Magic
 12981 | D:10     | Reached skill level 5 in Earth Magic
 12981 | D:10     | Reached skill level 5 in Poison Magic
 12999 | D:10     | HP: 11/89 [yak (8)]
 13646 | D:10     | Found a bloodstained altar of Trog.
 13856 | D:10     | HP: 14/89 [polar bear (11)]
 13858 | D:10     | HP: 5/89 [polar bear (8)]
 14734 | D:10     | HP: 10/89 [ice devil (18)]
 15435 | D:10     | Learned a level 3 spell: Ignite Poison
 16057 | D:10     | Found an ancient bone altar of Kikubaaqudgha.
 16066 | D:10     | Found a shadowy altar of Dithmenos.
 16244 | D:10     | Found a radiant altar of Vehumet.
 16338 | D:10     | Found a snail-covered altar of Cheibriados.
 16450 | D:9      | HP: 15/89 [poisoned by Sonja]
 16453 | D:9      | HP: 7/89 [poisoned by Sonja]
 16454 | D:9      | HP: 3/89 [poisoned by Sonja]
 16455 | D:9      | HP: 1/89 [poisoned by Sonja]
 16456 | D:9      | Succumbed to Sonja's poison

Illustrated notes

Levels and vault maps discovered:
D:1:      psy_arrival_whirlpool, layout_loops_ring,
          shapermc_ecumenical_altar_notcrosses
D:2:      layout_basic, grunt_ministairs_8
D:3:      layout_basic, kennysheep_orc_sif_temple, serial_shops,
          nicolae_shop_trees, serial_rivers, chequers_serial_rivers_room_a,
          chequers_serial_rivers_small_3, chequers_serial_rivers_micro_a,
          chequers_serial_rivers_large_a, chequers_serial_rivers_micro_d,
          chequers_serial_rivers_room_a
D:4:      layout_loops_ring, dk_rats_in_the_wall, uniq_eustachio, uniq_grinder,
          uniq_robin, uniq_menkaure
D:5:      kennysheep_big_flooded_room, layout_cave_pods, uniq_prince_ribbit1
D:6:      layout_rooms, lemuel_tele_altar, kennysheep_mini,
          minmay_temple_entry_steel_oval, nicolae_ossuary_entry_catacombs,
          serial_shops, kennysheep_mini_moat
D:7:      minmay_spotlight, layout_layer_cave, marbit_many_paths
D:8:      layout_basic, mainiacjoe_overflow_small_starburst,
          nicolae_ru_path_of_blood, ebering_ghost_inner_flame, kennysheep_nub
D:9:      layout_roguey, mainiacjoe_overflow_tiny_flanked, lair_entry_dummy,
          columned_hall_lemuel
D:10:     cheibrodos_frozen_isle, layout_basic, mainiacjoe_overflow_paths,
          cheibriados_altar_1, trog_ov_bears_minmay,
          mainiacjoe_overflow_big_doors, kennysheep_little_box, uniq_sonja
Temple:   compressed_dpeg_triangle_lava_temple

Skill      XL: |  1  2  3  4  5  6  7  8  9 10 11 |
---------------+----------------------------------+-----
Short Blades   | 1 2 3 4 5 6 |  6.5
Long Blades    | 1 2 3 4 5 6 |  6.5
Axes           | 1 2 3 4 5 6 |  6.5
Maces & Flails | 1 2 3 4 5 6 |  6.5
Staves         | 1 2 3 4 5 6 |  6.5
Slings         | 1 2 3 4 5 6 |  6.5
Bows           | 1 2 3 4 5 6 |  6.5
Crossbows      | 1 2 3 4 5 6 |  6.5
Throwing       | 1 2 3 4 5 6 |  6.5
Armour         | 1 2 3 4 5 6 |  6.5
Dodging        | 1 2 3 4 5 6 |  6.5
Stealth        | 1 2 3 4 5 6 |  6.5
Shields        | 1 2 3 4 5 6 |  6.5
Unarmed Combat | 1 2 3 4 5 6 |  6.5
Invocations    | 1 2 3 4 5 6 7 |  7.2
Evocations     | 1 2 3 4 5 6 |  6.5
Spellcasting   | 3 4 5 6 7 |  7.2
Conjurations   | 1 2 3 4 5 |  5.4
Hexes          | 1 2 3 4 5 |  5.4
Summonings     | 1 2 3 4 5 |  5.4
Necromancy     | 1 2 3 4 5 |  5.4
Translocations | 1 2 3 4 5 |  5.4
Transmutations | 1 2 3 4 5 |  5.4
Ice Magic      | 1 2 3 4 5 |  5.4
Air Magic      | 1 2 3 4 5 |  5.4
Earth Magic    | 1 2 3 4 5 |  5.4
Poison Magic   | 1 2 3 4 5 |  5.4
Fighting       | 7 8 9 |  9.3
Polearms       | 7 8 9 |  9.3
Fire Magic     | 6 7 |  7.8

Action                   |  1- 3 |  4- 6 |  7- 9 | 10-12 || total
-------------------------+-------+-------+-------+-------++-------
Melee: Spear             |   126 |   149 |   255 |     6 ||   536
       Bite              |     6 |     9 |    50 |    31 ||    96
       Punch             |     2 |     2 |    15 |    17 ||    36
       Dagger            |       |       |   134 |    58 ||   192
       Flail             |       |       |     3 |       ||     3
       Hand axe          |       |       |       |   199 ||   199
       Battleaxe         |       |       |       |     7 ||     7
 Fire: Hunting sling     |       |    43 |    18 |   176 ||   237
       Shortbow          |       |    27 |   108 |   121 ||   256
Throw: Stone             |    11 |     9 |     5 |     4 ||    29
       Boomerang         |       |       |     8 |     8 ||    16
 Cast: Scorch            |     3 |       |       |       ||     3
       Ignite Poison     |       |       |       |     6 ||     6
Invok: Fiery Armour      |       |       |     2 |     4 ||     6
Evoke: Wand              |       |       |     6 |    24 ||    30
  Use: Scroll            |       |     2 |     3 |     7 ||    12
       Potion            |       |       |     4 |     8 ||    12
 Stab: Sleeping          |     1 |       |       |       ||     1
Armor: Robe              |     8 |       |       |       ||     8
       Plate armour      |    27 |    99 |   197 |   230 ||   553
       Steam dragon scal |       |       |       |     3 ||     3
Dodge: Dodged            |    27 |    18 |    78 |    90 ||   213

Table legend: (Time is in decaauts)
 A = Elapsed time spent in this place.
 B = Non-inter-level travel time spent in this place.
 C = Inter-level travel time spent in this place.
 D = Time resting spent in this place.
 E = Time spent auto-exploring this place.
 F = Levels seen in this place.
 G = Mean time per level.
                   A        B        C        D        E       F      G
               +--------+--------+--------+--------+--------+-----+--------+
         Total |  16258 |  15656 |    602 |   4921 |   7474 |  11 | 1478.0 |
       Dungeon |  15721 |  15119 |    602 |   4415 |   7474 |  10 | 1572.1 |
        Temple |    536 |    536 |      0 |    506 |      0 |   1 |  536.0 |
               +--------+--------+--------+--------+--------+-----+--------+

Top non-repeatable levels by time:
    D:10: 3212 daAuts
     D:7: 1844 daAuts
     D:9: 1842 daAuts
     D:4: 1523 daAuts
     D:5: 1516 daAuts
     D:6: 1240 daAuts
     D:2: 1233 daAuts
     D:8: 1138 daAuts
     D:3: 1111 daAuts
     D:1: 1059 daAuts
  Temple: 536 daAuts
